 Dungeon Crawl Stone Soup version 0.23-a0-586-gacb4b3f (webtiles) character file.

19922 Geeful the Blocker (level 12, 0/80 HPs)
             Began as an Octopode Earth Elementalist on Dec 18, 2018.
             Was a High Priest of Nemelex Xobeh.
             Slain by a wolf spider zombie (5 damage)
             ... on level 14 of the Dungeon.
             The game lasted 01:34:41 (16787 turns).

Geeful the Blocker (Octopode Earth Elementalist)   Turns: 16787, Time: 01:34:42

Health: 0/80       AC:  1    Str:  8    XL:     12   Next: 74%
Magic:  21/21      EV: 16    Int: 25    God:    Nemelex Xobeh [*****.]
Gold:   594        SH: 13    Dex: 13    Spells: 3/23 levels left

rFire    + . .     SeeInvis .   g - +1 rapier (flame)
rCold    . . .     Gourm    .   D - +1 shield
rNeg     + + .     Faith    .   (helmet restricted)
rPois    +         Spirit   .   e - amulet of regeneration
rElec    .         Reflect  .   i - ring of flight
rCorr    .         Harm     .   u - ring of positive energy
MR       .....                  C - ring of wizardry
Stlth    ++++......             J - ring of poison resistance
HPRegen  0.63/turn              B - ring of Kyisch {rF+ rN+}
MPRegen  0.17/turn              K - +4 ring of intelligence
                                (no ring)
                                (no ring)

@: no status effects
A: almost no armour, stealthy swim, amphibious, 8 rings, constrict 8, camouflage
1, gelatinous body 1
a: Triple Draw, Deal Four, Stack Five, Renounce Religion, Evoke Flight


You were on level 14 of the Dungeon.
You worshipped Nemelex Xobeh.
Nemelex Xobeh was extremely pleased with you.
You were not hungry.

You visited 3 branches of the dungeon, and saw 16 of its levels.
You also visited: Sewer.

You collected 713 gold pieces.
You spent 119 gold pieces at shops.

Inventory:

Hand Weapons
 a - a +3 scimitar of flaming
 f - a +1 dagger of protection
 g - a +1 rapier of flaming (weapon)
Missiles
 b - 352 stones (quivered)
 A - 5 throwing nets
Armour
 D - a +1 shield (worn)
Jewellery
 e - an amulet of regeneration (around mantle)
 i - a ring of flight (left tentacle)
 u - a ring of positive energy (right tentacle)
 B - the ring of Kyisch (on tentacle) {rF+ rN+}
   (You found it on level 8 of the Dungeon)

   [ring of positive energy]

   It protects you from fire.
   It protects you from negative energy.
 C - a ring of wizardry (on tentacle)
 J - a ring of poison resistance (on tentacle)
 K - a +4 ring of intelligence (on tentacle)
Wands
 G - a wand of flame (30)
 L - a wand of polymorph (8)
 M - a wand of disintegration (11)
Scrolls
 h - 5 scrolls of teleportation
 m - 4 scrolls of magic mapping
 p - a scroll of blinking
 q - 2 scrolls of fog
 v - a scroll of identify
 x - 11 scrolls of remove curse
 E - 2 scrolls of immolation
 O - a scroll of amnesia
 R - 2 scrolls of fear
Potions
 k - a potion of curing
 l - 3 potions of flight
 n - 2 potions of magic
 o - a potion of might
 r - a potion of brilliance
 s - a potion of invisibility
 t - a potion of lignification
 w - a potion of berserk rage
 z - 2 potions of haste
 H - a potion of cancellation
 N - 2 potions of agility
 S - a potion of ambrosia
Miscellaneous
 d - a plain deck of destruction {drawn: 7}
 y - a plain deck of destruction
 F - a legendary deck of summoning {drawn: 10}
 I - a plain deck of escape {drawn: 3}
 Q - an ornate deck of destruction {drawn: 2}
Comestibles
 c - 17 rations
 P - 4 chunks of flesh


   Skills:
 + Level 6.4 Fighting
 + Level 6.3 Short Blades
 - Level 6.9 Dodging
 - Level 7.1 Stealth
 * Level 13.1 Shields
 - Level 6.3 Spellcasting
 - Level 1.0 Transmutations
 - Level 7.0 Earth Magic
 - Level 4.7 Invocations


You had 3 spell levels left.
You knew the following spells:

 Your Spells              Type           Power        Failure   Level  Hunger
a - Sandblast             Erth           #####.       1%          1    None
b - Passwall              Tmut/Erth      ####....     1%          2    None
c - Stone Arrow           Conj/Erth      ####..       2%          3    None
d - Petrify               Tmut/Erth      ####....     7%          4    ###....
e - Lee's Rapid Deconstr  Erth           #####.....   6%          5    #####..
f - Shroud of Golubria    Chrm/Tloc      #.........   6%          2    None
g - Spectral Weapon       Hex/Chrm       #.......     11%         3    None

Your spell library contained the following spells:

 Spells                   Type           Power        Failure   Level  Hunger
 Infusion                 Chrm           #...         3%          1    None
 Song of Slaying          Chrm           #.......     6%          2    None
 Regeneration             Chrm/Necr      #.........   11%         3    None


Dungeon Overview and Level Annotations

Branches:
Dungeon (14/15)            Temple (1/1) D:4            Lair (1/6) D:11
    Orc (0/2) D:9
 Vaults: D:13-14

Altars:
Ashenzari
Cheibriados
Dithmenos
Elyvilon
Fedhas
Gozag
Hepliaklqana
Kikubaaqudgha
Makhleb
Nemelex Xobeh
Okawaru
Qazlal
Ru
Sif Muna
Trog
Uskayaw
Vehumet
Wu Jian
Xom
Yredelemnul
Zin
The Shining One

Shops:
D:8 %   D:12 (   D:13 *(}

Annotations:
D:3 Grinder
D:10 1 runed door, Violenta's ghost, journeyman MiBe


Innate Abilities, Weirdness & Mutations

You cannot wear most types of armour.
You are very stealthy in the water. (Stealth+)
You are amphibious.
You can wear up to eight rings at the same time.
You can use your tentacles to constrict eight enemies at once.
Your skin changes colour to match your surroundings (Stealth+).
Your rubbery body absorbs attacks. (AC +1, EV +1)


Message History

The explosion engulfs you!
* * * LOW HITPOINT WARNING * * *
You feel a surge of magic.
You constrict the wolf spider zombie.
The wolf spider zombie barely misses you.
You block the wolf spider zombie's attack.
You feel much better.
You constrict the wolf spider zombie. The wolf spider zombie hits you.
* * * LOW HITPOINT WARNING * * *
The wolf spider zombie misses you.
Evoke which item? (* to show all) (? for menu, Esc to quit)
You draw a card...
It is Pain.
You have drawn Pain.
Press: ? - help, Shift-Dir - straight line, f - wolf spider zombie
Aim: a wolf spider zombie (severely damaged, constricted by you)
The wolf spider zombie is unaffected.
You constrict the wolf spider zombie. The wolf spider zombie hits you!!
* * * LOW HITPOINT WARNING * * *
The wolf spider zombie bites you.
You die...
Your body glows with a rainbow of weird colours and disappears.

## #####
#.##...####
#........# #
#..Z.....##.#
#...@........
#....(...##.
###.?....#
#......##
#.####.## #.#
#.# ## #.#
##'## ##...##


You could see a wolf spider zombie.

Vanquished Creatures
  3 two-headed ogres
  A centaur warrior (D:13)
  An unseen horror (D:11)
  Pikel (D:8)
  A cyclops (D:13)
  A manticore (D:14)
  2 centaur skeletons (D:13)
  A komodo dragon (D:13)
  An efreet (D:13)
  A troll (D:11)
  3 meliai (D:13)
  2 hippogriffs
  A yak (D:7)
  Grum (D:9)
  2 wargs (D:11)
  2 soldier ants
  2 water moccasins (D:9)
  A porcupine (D:8)
  Duvessa (D:6)
  11 orc warriors
  A sky beast (D:7)
  4 ice beasts
  An eye of draining (D:10)
  3 ogres
  2 phantoms
  3 wolves
  2 boggarts (D:11)
  7 centaurs
  Blork the orc (D:5)
  2 big kobolds
  10 bullfrogs
  Dowan (D:6)
  5 scorpions
  2 wights (D:8)
  3 howler monkeys
  7 electric eels
  9 crimson imps
  5 bullfrog zombies
  10 hounds
  A human zombie (D:8)
  Crazy Yiuf (D:3)
  A gnoll shaman (D:7)
  5 jellies
  21 orc wizards
  9 orc priests
  2 human skeletons (D:8)
  A bullfrog skeleton (D:6)
  4 iguanas
  6 worker ants
  An ogre zombie (D:8)
  A hound zombie (D:10)
  2 hound skeletons
  2 mummies (D:8)
  2 worker ant zombies (D:7)
  18 adders
  15 gnolls
  4 river rats
  A shadow imp (D:10)
  An ooze (D:3)
  2 adder zombies
  3 adder skeletons (D:7)
  7 worms
  3 dart slugs
  8 leopard geckos
  77 orcs
  6 bats
  7 giant cockroaches
  9 goblins
  11 hobgoblins
  10 jackals
  19 kobolds
  3 quokkas
  13 ball pythons
  6 frilled lizards
  31 rats
430 creatures vanquished.

Vanquished Creatures (collateral kills)
  Azrael (D:13)
  2 hydras
  Erolcha (D:12)
  2 centaur warriors (D:13)
  A two-headed ogre (D:12)
  An unseen horror (D:14)
  2 ugly things (D:13)
  Joseph (D:8)
  A hornet (D:8)
  A hippogriff (D:11)
  A shadow (D:14)
  4 fire elementals (D:13)
  2 wargs (D:11)
  2 hell hounds (D:13)
  2 ogres
  A boggart (D:11)
  A big kobold (D:6)
  4 killer bees (D:12)
  An orc wizard (D:8)
  An iguana (D:12)
  A worker ant (D:12)
  A shadow imp (D:8)
  8 orcs
  3 kobolds (D:6)
45 creatures vanquished.

Vanquished Creatures (others)
  A vault guard (D:14)
  A centaur warrior (D:13)
  A slave (D:8)
  A necrophage (D:8)
  A human zombie (D:8)
  A mummy (D:8)
  An orc skeleton (D:8)
7 creatures vanquished.

Grand Total: 482 creatures vanquished

Notes
Turn   | Place    | Note
-------+----------+-------------------------------------------
     0 | D:1      | Geeful the Octopode Earth Elementalist began the quest for
                  | the Orb.
     0 | D:1      | Reached XP level 1. HP: 11/11 MP: 3/3
   142 | D:1      | Reached XP level 2. HP: 17/17 MP: 5/5
   481 | D:1      | Reached XP level 3. HP: 11/21 MP: 0/6
  1086 | D:2      | Found a snail-covered altar of Cheibriados.
  1116 | D:2      | Found a glowing silver altar of Zin.
  1138 | D:2      | Found a faded altar of an unknown god.
  1644 | D:2      | Reached XP level 4. HP: 24/27 MP: 3/7
  1804 | D:3      | Found a glowing drain.
  1804 | D:3      | Noticed Grinder
  2236 | D:3      | Found a shimmering altar of Xom.
  2271 | D:3      | Reached XP level 5. HP: 19/31 MP: 9/9
  2441 | Sewer    | Entered a sewer
  2472 | Sewer    | Reached XP level 6. HP: 36/36 MP: 10/10
  2798 | Sewer    | Reached skill level 5 in Stealth
  2898 | Sewer    | Reached XP level 7. HP: 17/41 MP: 3/12
  3116 | D:3      | Found a runed door.
  3120 | D:3      | Noticed Crazy Yiuf
  3125 | D:3      | Killed Crazy Yiuf
  3595 | D:4      | Found a staircase to the Ecumenical Temple.
  3611 | Temple   | Entered the Ecumenical Temple
  3752 | D:4      | Noticed a water elemental
  3758 | D:4      | Noticed an air elemental
  3811 | D:4      | Reached skill level 5 in Earth Magic
  3847 | D:4      | Found a shadowy altar of Dithmenos.
  3904 | D:4      | Found a stormy altar of Qazlal.
  4287 | D:4      | Found a shadowy altar of Dithmenos.
  4294 | D:4      | Reached XP level 8. HP: 6/46 MP: 11/14
  4740 | D:5      | Entered Level 5 of the Dungeon
  4801 | D:5      | Reached skill level 5 in Dodging
  4921 | D:5      | Found a sparkling altar of Nemelex Xobeh.
  4927 | D:5      | Noticed Blork the orc
  4929 | D:5      | Became a worshipper of Nemelex Xobeh the Trickster
  5004 | D:5      | Killed Blork the orc
  5052 | D:5      | Received a gift from Nemelex Xobeh
  5248 | D:5      | Reached skill level 1 in Invocations
  5417 | D:5      | Reached skill level 5 in Spellcasting
  5495 | D:5      | Learned a level 2 spell: Passwall
  5499 | D:5      | Learned a level 3 spell: Stone Arrow
  5504 | D:5      | Learned a level 4 spell: Petrify
  5510 | D:5      | Learned a level 5 spell: Lee's Rapid Deconstruction
  5826 | D:6      | Noticed Duvessa
  5828 | D:6      | Noticed Dowan
  5835 | D:6      | Killed Duvessa
  5842 | D:6      | Killed Dowan
  6050 | D:6      | Received a gift from Nemelex Xobeh
  6055 | D:6      | Reached * piety under Nemelex Xobeh
  6059 | D:6      | Reached XP level 9. HP: 48/51 MP: 17/17
  7152 | D:7      | Found a radiant altar of Vehumet.
  7158 | D:7      | Reached skill level 1 in Fighting
  7163 | D:7      | Reached skill level 1 in Short Blades
  7250 | D:7      | Learned a level 2 spell: Shroud of Golubria
  7254 | D:7      | Learned a level 3 spell: Spectral Weapon
  7281 | D:7      | Received a gift from Nemelex Xobeh
  7285 | D:7      | Found an iron altar of Okawaru.
  7295 | D:7      | Found a hazy altar of Hepliaklqana.
  7300 | D:7      | Found a shimmering altar of Xom.
  7530 | D:8      | Noticed Joseph
  7568 | D:8      | Reached ** piety under Nemelex Xobeh
  7679 | D:8      | Reached skill level 1 in Shields
  7770 | D:8      | Noticed Pikel
  7780 | D:8      | Killed Pikel
  7780 | D:8      | Reached skill level 4 in Shields
  7780 | D:8      | Reached XP level 10. HP: 34/59 MP: 19/19
  7875 | D:8      | Received a gift from Nemelex Xobeh
  7896 | D:8      | Found a shattered altar of Ashenzari.
  8074 | D:8      | Reached skill level 5 in Shields
  8108 | D:8      | Found Laep Ena's Food Boutique.
  8136 | D:8      | Got a slimy turquoise ring
  8137 | D:8      | Identified the ring of Kyisch {rF+ rN+} (You found it on
                  | level 8 of the Dungeon)
  8140 | D:8      | Noticed a +0 hand axe
  8143 | D:8      | Found a hide-covered altar of Uskayaw.
  8143 | D:8      | Noticed a +0 dagger
  8182 | D:8      | Killed Joseph
  8191 | D:8      | Reached skill level 6 in Shields
  8343 | D:8      | You fall through a shaft!
  8447 | D:9      | Received a gift from Nemelex Xobeh
  8575 | D:8      | Found a glowing golden altar of the Shining One.
  8626 | D:8      | Found a basalt altar of Yredelemnul.
  8785 | D:8      | Reached *** piety under Nemelex Xobeh
  9264 | D:9      | Noticed a two-headed ogre
  9268 | D:9      | Noticed Grum
  9274 | D:9      | Killed a two-headed ogre
  9274 | D:9      | Reached skill level 7 in Shields
  9277 | D:9      | Killed Grum
  9280 | D:9      | Noticed a two-headed ogre
  9289 | D:8      | Reached skill level 8 in Shields
  9609 | D:9      | Killed a two-headed ogre
  9609 | D:9      | Reached skill level 9 in Shields
  9633 | D:9      | Reached XP level 11. HP: 40/63 MP: 5/20
 10095 | D:9      | Reached skill level 10 in Shields
 10719 | D:9      | Found a staircase to the Orcish Mines.
 11122 | D:10     | Entered Level 10 of the Dungeon
 11464 | D:10     | Received a gift from Nemelex Xobeh
 11633 | D:10     | Found a runed door.
 11633 | D:10     | Found a shimmering altar of Xom.
 11633 | D:10     | Noticed a +1 rapier of chaos
 11633 | D:10     | Noticed Violenta's ghost (journeyman MiBe)
 12004 | D:11     | Killed an unseen horror
 12130 | D:11     | Reached **** piety under Nemelex Xobeh
 12253 | D:11     | Found a staircase to the Lair.
 12285 | Lair:1   | Entered Level 1 of the Lair of Beasts
 12378 | D:11     | Noticed a green ugly thing
 12512 | D:11     | Noticed a two-headed ogre
 12526 | D:11     | Killed a two-headed ogre
 12526 | D:11     | Reached skill level 11 in Shields
 12673 | D:11     | Received a gift from Nemelex Xobeh
 12685 | D:11     | Noticed a green ugly thing
 12690 | D:11     | Noticed a seven-headed hydra
 12721 | D:11     | Killed an eight-headed hydra
 13421 | D:12     | Received a gift from Nemelex Xobeh
 13524 | D:12     | Noticed a two-headed ogre
 13529 | D:12     | Killed a two-headed ogre
 13531 | D:12     | Found Jygacs's Antique Weapon Shop.
 13582 | D:12     | Noticed Erolcha
 13641 | D:12     | Identified the +0 robe "Seumiung" {rF+ rC+ MR+ Regen+}
 14038 | D:12     | Received a gift from Nemelex Xobeh
 14251 | D:12     | Killed Erolcha
 14251 | D:12     | Reached XP level 12. HP: 75/75 MP: 21/21
 14465 | D:13     | Reached skill level 12 in Shields
 14661 | D:13     | Noticed an eight-headed hydra
 14675 | D:13     | Killed an eight-headed hydra
 14675 | D:13     | Reached skill level 5 in Fighting
 14692 | D:13     | Reached skill level 5 in Short Blades
 14721 | D:13     | Found Vabrim's Gadget Boutique.
 14733 | D:13     | Reached ***** piety under Nemelex Xobeh
 14893 | D:13     | Noticed a centaur warrior
 14903 | D:13     | Killed a centaur warrior
 14913 | D:13     | Noticed a centaur warrior
 14917 | D:13     | Found Ticih's Antique Weapon Emporium.
 14923 | D:13     | Noticed a centaur warrior
 14941 | D:13     | Killed a centaur warrior
 14968 | D:13     | Killed a centaur warrior
 15100 | D:13     | Noticed Azrael
 15118 | D:13     | Killed Azrael
 15313 | D:13     | Noticed a centaur warrior
 15463 | D:13     | Killed a centaur warrior
 15508 | D:13     | Reached skill level 13 in Shields
 15600 | D:13     | Received a gift from Nemelex Xobeh
 15944 | D:13     | Found Xiquvall's General Store.
 16241 | D:13     | Bought a scroll of identify for 34 gold pieces
 16241 | D:13     | Bought a scroll of teleportation for 51 gold pieces
 16241 | D:13     | Bought a scroll of identify for 34 gold pieces
 16285 | D:14     | Killed a vault guard
 16487 | D:14     | Received a gift from Nemelex Xobeh
 16736 | D:14     | Received a gift from Nemelex Xobeh
 16785 | D:14     | HP: 1/80 [card of wild magic (25)]
 16787 | D:14     | Slain by a wolf spider zombie

Vault maps used:
D:1:      saegor_arrival_simple_c, minivault_4, minmay_small_reverse_x
D:2:      cheibriados_altar_1, zin_statuary, chequers_ecumenical_altar_simple
D:3:      cheibrodos_sewer_entry_drain, serial_co_window_serial,
          co_window_corner_a, co_window_of_opportunity_a, co_window_paths_b,
          co_window_of_opportunity_a, co_window_paths_a, co_window_paths_a,
          co_window_paths_a, co_window_corner_b, co_window_corner_b,
          co_window_unsneaky_path_d, co_window_of_opportunity_c, co_window_sun,
          glass_columns_b, glass_columns_a, glass_columns_b, glass_columns_c,
          glass_columns_a, first_ration, led_xom_imps, uniq_crazy_yiuf_cottage,
          uniq_grinder
D:4:      nicolae_overflow_crystal_walls, nicolae_qazlal_style_of_elements,
          minmay_temple_entry_gardened_gates, hangedman_glass_teeth,
          kennysheep_diamond, grunt_dithmenos_shadows
D:5:      nemelex_xobeh_ov_fountains_minmay, uniq_blork_the_orc
D:6:      nicolae_ossuary_entry_ruins, uniq_duvessa
D:7:      minmay_slanted_spiral_squares, lemuel_crystal_altar,
          minmay_overflow_temple_star_quad
D:8:      dancing_weapons_uskayaw, lemuel_mausoleum_altar_yredelemnul,
          lemuel_coloured_pillars_altar, ashenzari_conservatory_becter,
          serial_shops, nicolae_shop_temple_entry_statues_fountains,
          grunt_ogre_cave, uniq_pikel, uniq_joseph
D:9:      erik_orc_2, uniq_grum
D:10:     ebering_ghost_xom
D:11:     erik_lair_island, minmay_misc_feat_ornament, nooodl_orcs_dogs
D:12:     serial_shops, shop_statue, uniq_erolcha
D:13:     serial_shops, shop, shop_fountains, kennysheep_little_box, uniq_azrael
D:14:     ximxim_vaults_locker_room
Temple:   kb_temple_of_zot
Lair:1:   portal_ice_cave_entry_imps, lemuel_fruit_fields, grunt_megastairs_5,
          infiniplex_staircase_pool
Sewer:    sewer_minmay_w

Skill      XL: |  1  2  3  4  5  6  7  8  9 10 11 12 |
---------------+-------------------------------------+-----
Stealth        | 3 4 5 6 7 |  7.1
Dodging        | 3 4 5 6 |  6.9
Spellcasting   | 3 4 5 6 |  6.3
Earth Magic    | 4 5 6 7 |  7.0
Invocations    | 2 4 |  4.7
Fighting       | 1 4 6 |  6.4
Short Blades   | 1 4 6 |  6.3
Shields        | 4 9 11 13 | 13.1
Transmutations | |  1.0

Action                   |  1- 3 |  4- 6 |  7- 9 | 10-12 || total
-------------------------+-------+-------+-------+-------++-------
Melee: Unarmed           |    42 |    21 |       |       ||    63
       Constrict         |    14 |    38 |    65 |   100 ||   217
       Tentacles         |     4 |    19 |    47 |    92 ||   162
       Dagger            |       |   110 |   300 |   247 ||   657
       Rapier            |       |       |       |   304 ||   304
 Cast: Sandblast         |    36 |    37 |    41 |    40 ||   154
       Petrify           |       |       |     4 |    65 ||    69
       Shroud of Golubri |       |       |       |     1 ||     1
       Stone Arrow       |       |       |       |     4 ||     4
Evoke: Wand              |       |     4 |     1 |    20 ||    25
       Deck              |       |       |     4 |    38 ||    42
  Use: Potion            |     1 |     2 |     7 |     9 ||    19
       Scroll            |     1 |     7 |     9 |    16 ||    33
 Stab: Sleeping          |     1 |     4 |    29 |    30 ||    64
       Distracted        |       |     1 |       |       ||     1
       Petrified         |       |       |     7 |    58 ||    65
       Petrifying        |       |       |     1 |     4 ||     5
       Confused          |       |       |       |     3 ||     3
  Eat: Chunk             |     2 |     5 |    12 |    25 ||    44
       Ration            |       |       |     1 |     4 ||     5
Armor: Skin              |     8 |     9 |    10 |     8 ||    35
Dodge: Dodged            |    37 |   132 |   189 |   281 ||   639
Block: Shield            |       |       |       |   289 ||   289

Table legend:
 A = Non-vault XP
 B = Vault XP
 C = Vault XP percentage of total XP
 D = Non-vault monster count
 E = Vault monster count
 F = Vault count percentage of total count
                 A         B        C        D         E       F
            +---------+---------+-------+---------+---------+-------
      Total |   20755 |    7705 |  27.1 |     334 |     142 |  29.8
            +---------+---------+-------+---------+---------+-------
        D:1 |      35 |       9 |  20.5 |      18 |       4 |  18.2
        D:2 |      47 |       0 |   0.0 |      12 |       0 |   0.0
        D:3 |     148 |     253 |  63.1 |      34 |       8 |  19.0
        D:4 |     402 |     136 |  25.3 |      21 |       3 |  12.5
        D:5 |     533 |     100 |  15.8 |      22 |       1 |   4.3
        D:6 |     300 |     214 |  41.6 |      21 |       2 |   8.7
        D:7 |     773 |     819 |  51.4 |      18 |      13 |  41.9
        D:8 |     808 |    1655 |  67.2 |      30 |      13 |  30.2
        D:9 |    3037 |     859 |  22.0 |      29 |      22 |  43.1
       D:10 |    1034 |       0 |   0.0 |      27 |       0 |   0.0
       D:11 |    3036 |    1657 |  35.3 |      20 |      20 |  50.0
       D:12 |    1968 |     484 |  19.7 |      38 |       1 |   2.6
       D:13 |    6987 |    1192 |  14.6 |      34 |       7 |  17.1
       D:14 |    1559 |       0 |   0.0 |       9 |       0 |   0.0
     Lair:1 |      88 |       0 |   0.0 |       1 |       0 |   0.0
      Sewer |       0 |     327 | 100.0 |       0 |      48 | 100.0
            +---------+---------+-------+---------+---------+-------
